 Dungeon Crawl Stone Soup version 0.29.0-4-gdea44cf6ec (webtiles) character file.

Game seed: 13517119540279353585

7 qw the Sneak (level 1, 0/10 HPs)
             Began as a Felid Delver on Aug 27, 2022.
             Slain by an orc priest
             ... wielding a +0 whip
              (7 damage)
             ... on level 6 of the Dungeon.
             The game lasted 00:00:00 (360 turns).

qw the Sneak (Felid Delver)                          Turns: 360, Time: 00:00:01

Health: 0/10       AC:  1    Str:  8    XL:     1   Next: 91%
Magic:  2/2        EV: 17    Int: 11    God:
Gold:   0          SH:  0    Dex: 17    Spells: 0/0 levels left
                                        Lives:  0   Deaths: 0

rFire   . . .      SeeInvis +     - Unarmed
rCold   . . .      Faith    .   (shield unavailable)
rNeg    . . .      Spirit   .   (body armour unavailable)
rPois   .          Reflect  .   (helmet unavailable)
rElec   .          Harm     .   (cloak unavailable)
rCorr   .          Rampage  .   (gloves unavailable)
Will    .....                   (boots unavailable)
Stlth   +++.......              (no amulet)
HPRegen 0.03/turn               (no ring)
MPRegen 0.08/turn               (no ring)

@: quick
A: very small, claws 1, fangs 3, see invisible, speed 1, shaggy fur 1, stealthy
paws, no weapons or thrown items, no armour, multi-lived
a: no special abilities


You were on level 6 of the Dungeon.
You visited 1 branch of the dungeon, and saw 2 of its levels.


Innate Abilities, Weirdness & Mutations

You have sharp claws.
You have razor-sharp teeth.
You have supernaturally acute eyesight. (SInv)
You cover ground quickly. (Speed+)
You are covered in fur. (AC +1)
Your paws help you pounce on unaware monsters.
You are incapable of wielding weapons or throwing items.
You cannot wear armour.
You gain extra lives every three experience levels.


   Skills:
 - Level 3.0 Fighting
 - Level 2.6 Dodging
 - Level 6.6 Stealth
 + Level 2.7 Unarmed Combat


You couldn't memorise any spells.
You didn't know any spells.
Your spell library was empty.

Inventory:

Wands
 e - a wand of digging (3)
Potions
 d - a potion of haste
 f - a potion of lignification {unknown}
 g - a potion of magic {unknown}

Dungeon Overview and Level Annotations

Branches:
Dungeon (6/15)
 Temple: D:4-7

Altars:


Message History

Done exploring.
338 ||| DROPPING scroll of fog.
You drop a scroll of fog.
339 ||| DROPPING scroll of magic mapping.
You drop a scroll of magic mapping.
340 ||| DROPPING scroll of fear.
You drop a scroll of fear.
There is a stone staircase leading down here.
(D) Dungeon
Where to? (* - list waypoints, Enter - D:5 @ (x,y), ? - help)
You climb downwards.
Found a stone staircase leading down.
There is a stone staircase leading up here.
Existing waypoints: (2) D:5 Assign waypoint to what number? (0-9, D - delete waypoint) Waypoint 1 assigned to D:6.
Enter note: An orc and an orc priest come into view.
An orc wizard comes into view. It is wielding a +2 dagger of flaming.
The orc shouts!
The orc priest shouts!
The orc wizard shouts!
The orc wizard gestures wildly while chanting.
The orc wizard flickers and vanishes for a moment.
Found a scroll labelled AVONAPL ALUMOOFF.
You scratch the orc.
The orc is heavily wounded.
You scratch the orc.
You kill the orc!
The orc priest mumbles some strange prayers to Beogh against you.
You barely resist.
Found a scroll labelled SOUPHI GOJAOK.
The orc priest barely misses you.
You closely miss the orc wizard. The orc wizard completely misses you.
The orc priest hits you with a +0 whip.
You closely miss the orc wizard. You bite the orc wizard.
The orc wizard is lightly wounded.
The orc wizard closely misses you. The orc priest closely misses you.
You scratch the orc wizard.
The orc wizard is heavily wounded.
The orc priest hits you with a +0 whip!
Ouch! That really hurt!
You die...

...#..........
#.#..........
#...<>....... #
#............}#
###...#####..#
#.#.# ..# #.#.#
.. #
#.#.###.#..8#
#....@.....#
##...oo....#
#.?..###.....#
##### ##...8#
?..## #... #..
..


You could see an orc priest and an orc wizard (invisible).

Vanquished Creatures
  An ufetubus (D:5)
  An orc (D:6)
2 creatures vanquished.

Vanquished Creatures (others)
  4 fungi (D:5)
4 creatures vanquished.

Grand Total: 6 creatures vanquished

Notes
Turn   | Place    | Note
-------+----------+-------------------------------------------
     0 | D:5      | qw the Felid Delver began the quest for the Orb.
     0 | D:5      | Reached XP level 1. HP: 10/10 MP: 2/2
     0 | D:5      | 0 ||| qw: Version: 0.1-a-89-g26bdef1
     0 | D:5      | 0 ||| qw: Game counter: 114
     0 | D:5      | 0 ||| qw: Always use a shield: true
     0 | D:5      | 0 ||| qw: God list: Okawaru, Trog
     0 | D:5      | 0 ||| qw: Allow faded altars: false
     0 | D:5      | 0 ||| qw: Do Orc after D:15 true
     0 | D:5      | 0 ||| qw: Do second Lair branch before Depths: true
     0 | D:5      | 0 ||| qw: Lair rune preference: random
     0 | D:5      | 0 ||| qw: Plans: Normal
     0 | D:5      | 0 ||| PLANNING D:1-11
    15 | D:5      | HP: 2/10 [ufetubus (3)]
   338 | D:5      | 338 ||| DROPPING scroll of fog.
   339 | D:5      | 339 ||| DROPPING scroll of magic mapping.
   340 | D:5      | 340 ||| DROPPING scroll of fear.
   352 | D:6      | Noticed an orc priest
   353 | D:6      | Noticed an orc wizard
   360 | D:6      | Slain by an orc priest

Levels and vault maps discovered:
D:5:      kennysheep_steamy, layout_rooms
D:6:      layout_rooms, serial_corexii_hall, corexii_hall_statues_deadend,
          chequers_hall_statues_wall_a, corexii_hall_statues_i,
          chequers_hall_statues_wall_a, nicolae_kite_square_tiling_tiny,
          minmay_pentangle

Action                   || total
-------------------------++-------
Melee: Unarmed           ||    11
       Bite              ||     2
Dodge: Dodged            ||    14

Table legend:
 A = Non-vault XP
 B = Vault XP
 C = Vault XP percentage of total XP
 D = Non-vault monster count
 E = Vault monster count
 F = Vault count percentage of total count
                 A         B        C        D         E       F
            +---------+---------+-------+---------+---------+-------
      Total |      11 |       0 |   0.0 |       2 |       0 |   0.0
            +---------+---------+-------+---------+---------+-------
        D:5 |       8 |       0 |   0.0 |       1 |       0 |   0.0
        D:6 |       3 |       0 |   0.0 |       1 |       0 |   0.0
            +---------+---------+-------+---------+---------+-------
